 Dungeon Crawl Stone Soup version 0.28.0-49-g6dfe1f597d (webtiles) character file.

Game seed: 13788873827879323053

39 101zpm the Magician (level 3, 0/25 HPs)
             Began as a Djinni Fire Elementalist on May 14, 2022.
             Slain by a giant cockroach (1 damage)
             ... on level 4 of the Dungeon.
             The game lasted 00:02:03 (921 turns).

101zpm the Magician (Djinni Fire Elementalist)       Turns: 921, Time: 00:02:04

Health: 0/25       AC:  2    Str:  7    XL:     3   Next: 70%
Gold:   16         EV: 12    Int: 18    God:
                   SH:  0    Dex: 13

rFire   + + .      SeeInvis .   e - +2 hand axe (venom)
rCold   x . .      Faith    .   (no shield)
rNeg    . . .      Spirit   .   a - +0 robe
rPois   ∞          Reflect  .   (no helmet)
rElec   .          Harm     .   (no cloak)
rCorr   .          Rampage  .   (no gloves)
Will    .....                   (boots unavailable)
Stlth   ++........              (no amulet)
HPRegen 0.08/turn               (no ring)
MPRegen 0.00/turn               (no ring)

@: flying, very slightly contaminated
A: sickness immunity, fire resistance 2, cold vulnerability 1, float, innate
caster, HP casting, extra vitality 1
a: no special abilities


You were on level 4 of the Dungeon.
You visited 1 branch of the dungeon, and saw 4 of its levels.

You collected 16 gold pieces.

Inventory:

Hand Weapons
 e - a +2 hand axe of venom (weapon)
Armour
 a - a +0 robe (worn)
Scrolls
 b - a scroll of teleportation {unknown}
Potions
 c - a potion of berserk rage {unknown}
 d - a potion of ambrosia {unknown}


   Skills:
 + Level 2.4 Dodging
 + Level 1.8 Stealth
 + Level 3.2 Spellcasting


You couldn't memorise any spells.
You knew the following spells:

 Your Spells              Type           Power      Damage    Failure   Level
a - Foxfire               Conj/Fire      56%        2x1d6     4%          1
b - Scorch                Fire           28%        2d6       6%          2
c - Conjure Flame         Conj/Fire      14%        6-21      12%         3
d - Inner Flame           Hex/Fire       14%        N/A       12%         3
e - Flame Wave            Conj/Fire      14%        2d6       38%         4
f - Apportation           Tloc           28%        N/A       4%          1
Your spell library was empty.

Dungeon Overview and Level Annotations

Branches:
Dungeon (4/15)
 Temple: D:4-7

Altars:

Shops:
D:3 ?

Annotations:
D:3 Robin


Innate Abilities, Weirdness & Mutations

You are immune to sickness and miasma.
You are immune to poison.
Your flesh is very heat resistant. (rF++)
You are vulnerable to cold. (rC-)
You float through the air rather than walking.
You learn spells naturally, not from books.
Your magical power is your life essence.
You have superior vitality. (+4 MHP)


Message History

* * * LOW HITPOINT WARNING * * *
You hear a shout!
An orc comes into view. It is wielding a +0 dagger.
You see here a scroll labelled VAGHUBLIFOFA.
Your magical contamination has completely faded away.
Robin roars a battlecry!
A goblin comes into view. It is wielding a +0 dagger.
Found a stone staircase leading up.
There is a stone staircase leading down here.
The goblin completely misses you.
You fly downwards.
There is a stone staircase leading up here.
Casting: Scorch (safe; 6% risk of failure)
Confirm with . or Enter, or press ? or * to list all spells.
Flames lash the goblin.
You kill the goblin!
* * * LOW HITPOINT WARNING * * *
A giant cockroach comes into view.
Casting: Foxfire (safe; 4% risk of failure)
Press: ? - help, Q - select action, (/) - cycle Dir - look around, f - activate You conjure some foxfire!
* * * LOW HITPOINT WARNING * * *
Casting: Foxfire (safe; 4% risk of failure)
Press: ? - help, Q - select action, (/) - cycle Dir - look around, f - activate You conjure some foxfire!
* * * LOW HITPOINT WARNING * * *
You don't have enough health to cast this spell.
You don't have enough health to cast this spell.
Unknown command.
Your foxfire dissipates! x2
The giant cockroach closely misses you.
Casting: Foxfire (safe; 4% risk of failure)
Press: ? - help, Q - select action, (/) - cycle Dir - look around, f - activate You miscast Foxfire.
You are very lightly contaminated with residual magic.
Nothing appears to happen.
* * * LOW HITPOINT WARNING * * *
The giant cockroach bites you but does no damage.
The giant cockroach bites you.
You die...

#### #..#
########..#
#.......@.#
#.......B.######
#...............
#...............
##+#####..##....
#..##.... #...#
... #<).+ ..
##.##


You could see a giant cockroach.

Vanquished Creatures
  An adder (D:2)
  A worm (D:2)
  An orc (D:3)
  A ball python (D:3)
  A bat (D:2)
  A giant cockroach (D:3)
  9 goblins
  A hobgoblin (D:3)
  A kobold (D:2)
  2 quokkas
  2 frilled lizards (D:2)
  A rat (D:3)
22 creatures vanquished.

Vanquished Creatures (others)
  83 foxfires
83 creatures vanquished.

Grand Total: 105 creatures vanquished

Notes
Turn   | Place    | Note
-------+----------+-------------------------------------------
     0 | D:1      | 101zpm the Djinni Fire Elementalist began the quest for the
                  | Orb.
     0 | D:1      | Reached XP level 1. HP: 15/15 MP: 0/0
   151 | D:2      | Reached XP level 2. HP: 16/21 MP: 0/0
   511 | D:2      | Reached skill level 3 in Spellcasting
   624 | D:3      | Reached XP level 3. HP: 21/25 MP: 0/0
   624 | D:3      | Learned a level 1 spell: Apportation
   841 | D:3      | Found Lumedgh's Magic Scroll Boutique.
   872 | D:3      | Noticed Robin
   921 | D:4      | Slain by a giant cockroach

Illustrated notes

Levels and vault maps discovered:
D:1:      dpeg_arrival_leaves_temple_mockup, layout_loops_ring,
          basic_ecumenical_altar
D:2:      layout_loops_cross, uniq_jessica
D:3:      layout_basic, serial_shops, shop, uniq_robin, uniq_crazy_yiuf_cottage
D:4:      layout_gridville, minmay_splitting_lines, grunt_ministairs_15,
          uniq_eustachio, uniq_duvessa, uniq_pikel

Skill      XL: |  1  2 |
---------------+-------+-----
Spellcasting   | 3 |  3.2
Dodging        | |  2.4
Stealth        | |  1.8

Action                   || total
-------------------------++-------
 Cast: Foxfire           ||    51
       Scorch            ||     8
Armor: Robe              ||     3
Dodge: Dodged            ||     9
